 Dungeon Crawl Stone Soup version 0.27.1-4-g1640c2035a (webtiles) character file.

Game seed: 5449109484804269825

184 Stomo444 the Shield-Bearer (level 5, -3/28 HPs)
             Began as a Vine Stalker Fighter on Nov 18, 2021.
             Was an Initiate of Ru.
             Slain by an iguana (7 damage)
             ... on level 4 of the Dungeon.
             The game lasted 00:07:04 (4160 turns).

Stomo444 the Shield-Bearer (Vine Stalker Fighter)   Turns: 4160, Time: 00:07:05

Health: -3/28      AC:  6    Str: 20    XL:     5   Next: 64%
Magic:  0/15       EV:  8    Int:  8    God:    Ru [......]
Gold:   159        SH:  9    Dex: 13    Spells: 4/4 levels left

rFire    . . .     SeeInvis .   a - +0 flail
rCold    . . .     Faith    .   c - +0 kite shield
rNeg     . . .     Spirit   +   b - +0 scale mail
rPois    .         Reflect  .   (no helmet)
rElec    .         Harm     .   (no cloak)
rCorr    .         Rampage  .   (no gloves)
Will     .....                  (no boots)
Stlth    ..........             (no amulet)
HPRegen  1.09/turn              p - ring of magical power
MPRegen  0.14/turn              (no ring)

@: no status effects
A: fangs 2, regeneration 1, magic shield, antimagic bite, no potion heal 2
a: Renounce Religion, Sacrifice Health, Sacrifice Nimbleness, Sacrifice Love,
Reject Sacrifices


You were on level 4 of the Dungeon.
You worshipped Ru.
Ru was noncommittal.
You visited 1 branch of the dungeon, and saw 4 of its levels.

You collected 159 gold pieces.

Inventory:

Hand Weapons
 a - a +0 flail (weapon)
Missiles
 q - a throwing net (quivered)
Armour
 b - a +0 scale mail (worn)
 c - a +0 kite shield (worn)
 j - a +0 chain mail
Jewellery
 p - a ring of magical power (left hand)
 t - a +4 ring of slaying
Scrolls
 e - 2 scrolls of identify {unknown}
 h - a scroll of enchant weapon {unknown}
 k - a scroll of amnesia {unknown}
 n - a scroll of holy word {unknown}
 s - a scroll of magic mapping {unknown}
Potions
 d - a potion of might
 f - a potion of degeneration {unknown}
 g - a potion of lignification {unknown}
 i - a potion of flight {unknown}
 l - 2 potions of brilliance {unknown}
 m - 3 potions of haste {unknown}
 o - 2 potions of curing {unknown}
 r - 2 potions of mutation {unknown}


   Skills:
 + Level 3.4 Fighting
 + Level 2.7 Maces & Flails
 + Level 3.1 Armour
 + Level 1.6 Dodging
 + Level 3.4 Shields


You had 4 spell levels left.
You didn't know any spells.
Your spell library contained the following spells:

 Spells                   Type           Power      Damage    Failure   Level
 Shock                    Conj/Air       0%         1d3       99%         1
 Swiftness                Air            0%         N/A       100%        3
 Airstrike                Air            0%         N/A       100%        4


Dungeon Overview and Level Annotations

Branches:
Dungeon (4/15)             Temple (0/1) D:4

Altars:
Ru

Shops:
D:2 (:(   D:3 *


Innate Abilities, Weirdness & Mutations

You have extremely sharp teeth.
Your natural rate of healing is unusually fast.
When hurt, damage is shared between your health and your magic reserves.
Your bite disrupts and absorbs the magic of your enemies.
Potions cannot restore your health.


Message History

You feel invigorated.
The orc is heavily wounded.
The orc hits you with a +0 hand axe. The orc hits you but does no damage.
A steam dragon comes into view.
The steam dragon hisses angrily.
You hit the orc.
You kill the orc!
The orc closely misses you.
Unknown command.
You thump the orc!
You kill the orc!
The iguana bites you!
Unknown command.
You sock the iguana! You bite the iguana, but do no damage.
The iguana is almost dead.
The iguana bites you.
Unknown command.
You barely miss the iguana. Your bite misses the iguana.
The iguana is almost dead.
You block the iguana's attack. x2
You hit the iguana but do no damage.
The iguana is almost dead.
You block the iguana's attack.
Unknown command.
You hit the iguana but do no damage.
The iguana is almost dead.
The iguana bites you. You block the iguana's attack.
You hit the orc.
The orc is moderately wounded.
The orc closely misses you. You block the iguana's attack.
The orc hits you with a +0 dagger.
Unknown command.
You barely miss the iguana.
The iguana is almost dead.
The iguana bites you!
* * * LOW HITPOINT WARNING * * *
The orc hits you with a +0 dagger.
* * * LOW HITPOINT WARNING * * *
The iguana bites you!
You die...

⌠.. .8. #... ... #
#... #.# #
##..###.####... #
#.........D......#
# #.# #..#.#o# #
#.# #..#.#l# #####
#.###..#.#@# .†>.#
#.##.....o.# ###.#
#.##.###.### ....#
#.##.#.#.#
##..###.##.....###
.................+
###.######....####
....# #.#.## #####
#.###


You could see a steam dragon, an iguana and 2 orcs.

Vanquished Creatures
  A centaur skeleton (D:4)
  7 gnolls
  3 adders
  An adder skeleton (D:4)
  A worm (D:3)
  3 orcs (D:4)
  3 bats
  6 endoplasms
  A giant cockroach (D:3)
  2 goblins (D:3)
  5 hobgoblins
  6 jackals (D:3)
  5 kobolds
  A quokka (D:4)
  5 ball pythons
  A frilled lizard (D:3)
  6 rats
57 creatures vanquished.

Notes
Turn   | Place    | Note
-------+----------+-------------------------------------------
     0 | D:1      | Stomo444 the Vine Stalker Fighter began the quest for the
                  | Orb.
     0 | D:1      | Reached XP level 1. HP: 11/11 MP: 2/2
    86 | D:1      | Reached XP level 2. HP: 9/16 MP: 3/3
  1052 | D:2      | Reached XP level 3. HP: 4/19 MP: 4/4
  1607 | D:2      | Reached skill level 1 in Dodging
  1889 | D:2      | Found Samam's Weapon Boutique.
  2093 | D:2      | Found Baevyss's Book Boutique.
  2105 | D:2      | Found Cewn's Antique Weapon Shop.
  2130 | D:2      | Found a sacrificial altar of Ru.
  2580 | D:2      | Became a worshipper of Ru the Awakened
  2760 | D:2      | Gained mutation: Your natural rate of healing is unusually
                  | fast. [Vine Stalker growth]
  2760 | D:2      | Reached XP level 4. HP: 24/24 MP: 5/5
  3471 | D:3      | Found Byprazah's Assorted Antiques.
  3540 | D:3      | Reached XP level 5. HP: 28/28 MP: 6/6
  4146 | D:4      | Found a staircase to the Ecumenical Temple.
  4151 | D:4      | Noticed a steam dragon
  4160 | D:4      | Slain by an iguana

Illustrated notes

Levels and vault maps discovered:
D:1:      erik_arrival_orb_chamber, layout_basic, st_stairs_11
D:2:      layout_basic, basic_altar, serial_shops, shop, shop, shop,
          serial_bayou_pond_d, minmay_tetromino_i2
D:3:      layout_loops_ring, serial_shops,
          nicolae_shop_temple_entry_statues_fountains
D:4:      layout_loops_corners, mainiacjoe_overflow_alcove_1,
          minmay_temple_entry_statues_fountains, nicolae_inconvenience_store,
          st_stairs_4

Skill      XL: |  1  2  3  4 |
---------------+-------------+-----
Maces & Flails | 2 |  2.7
Fighting       | 3 |  3.4
Shields        | 3 |  3.4
Dodging        | 1 |  1.6
Armour         | 3 |  3.1

Action                   |  1- 3 |  4- 6 || total
-------------------------+-------+-------++-------
Melee: Flail             |    68 |   114 ||   182
       Bite              |    18 |    36 ||    54
Armor: Scale mail        |    27 |    64 ||    91
Dodge: Dodged            |    31 |    41 ||    72
Block: Kite shield       |    37 |    64 ||   101
